 Dungeon Crawl Stone Soup version 0.31-a0-819-gf6de2f5ab6 (webtiles) character file.

Game seed: 2469967917721331132

500 Danienth the Covert (level 7, -2/60 HPs)
             Began as a Gnoll Delver on Sept 25, 2023.
             Was a Follower of Fedhas.
             Slain by a water moccasin zombie (6 damage)
             ... on level 4 of the Dungeon.
             The game lasted 00:08:24 (1720 turns).

Danienth the Covert (Gnoll Delver)                  Turns: 1720, Time: 00:08:24

Health: -2/60      AC:  3    Str: 14    XL:     7   Next: 16%
Magic:  10/10      EV: 15    Int: 10    God:    Fedhas [*.....]
Gold:   40         SH:  0    Dex: 21    Spells: 10/10 levels left

rFire   . . .        f - +1 falchion (heavy)
rCold   . . .        (no shield)
rNeg    + . .        b - +0 leather armour
rPois   .            (no helmet)
rElec   .            (no cloak)
rCorr   .            (no gloves)
SInv    .            (no boots)
Will    .....        (no amulet)
Stlth   +++++        j - ring of the Moon {rN+ Str+3 Dex+6}
HPRegen 0.30/turn    (no ring)
MPRegen 0.12/turn

%: no passive effects
@: no status effects
A: fangs 1, strong nose, distributed training
a: Renounce Religion


You were on level 4 of the Dungeon.
You worshipped Fedhas.
Fedhas was aware of your devotion.
You visited 1 branch of the dungeon, and saw 3 of its levels.

You collected 40 gold pieces.

Inventory:

Hand Weapons
 a - a +0 spear
 f - a +1 heavy falchion (weapon)
Armour
 b - a +0 leather armour (worn)
Jewellery
 j - the ring of the Moon (left hand) {rN+ Str+3 Dex+6}
   (You found it on level 4 of the Dungeon)

   [ring of dexterity]

   Str+3:     It affects your strength (+3).
   Dex+6:     It affects your dexterity (+6).
   rN+:       It protects you from negative energy.
Talismans
 i - a maw talisman
Wands
 e - a wand of iceblast (5)
 g - a wand of digging (3)
Scrolls
 c - a scroll of fog
 d - 2 scrolls of revelation


   Skills:
 + Level 7.0 Fighting
 + Level 2.3 Short Blades
 + Level 2.3 Long Blades
 + Level 2.3 Axes
 + Level 2.3 Maces & Flails
 + Level 5.2 Polearms
 + Level 2.3 Staves
 + Level 2.3 Ranged Weapons
 + Level 2.3 Throwing
 + Level 2.3 Armour
 + Level 5.2 Dodging
 + Level 9.9 Stealth
 + Level 2.3 Shields
 + Level 2.3 Unarmed Combat
 + Level 2.3 Spellcasting
 + Level 1.9 Conjurations
 + Level 1.9 Hexes
 + Level 1.9 Summonings
 + Level 1.9 Necromancy
 + Level 1.9 Translocations
 + Level 1.9 Transmutations
 + Level 1.9 Fire Magic
 + Level 1.9 Ice Magic
 + Level 1.9 Air Magic
 + Level 1.9 Earth Magic
 + Level 1.9 Poison Magic
 + Level 2.6 Invocations
 + Level 2.3 Evocations
 + Level 2.1 Shapeshifting


You had 10 spell levels left.
You didn't know any spells.
Your spell library contained the following spells:

 Spells                   Type           Power      Damage    Failure   Level
 Kiss of Death            Conj/Necr      20%        2d7       17%         1
 Confusing Touch          Hex            5%         N/A       45%         3
 Dispel Undead            Necr           5%         3d7       86%         4


Dungeon Overview and Level Annotations

Branches:
Dungeon (6/15)
 Temple: D:4-7

Altars:
Fedhas
Xom
The Shining One


Innate Abilities, Weirdness & Mutations

You have very sharp teeth.
Your uncanny sense of smell can sniff out nearby items.
Your experience applies equally to all skills.


Message History

Aim: an adder zombie (almost destroyed, about 33% to evade your +1 heavy falchion)
You slash the adder zombie!
You destroy the adder zombie!
Fedhas accepts your kill.
The water moccasin zombie closely misses you.
Hit: f) +1 falchion (heavy)
Press: ? - help, Dir - move target, f - water moccasin zombie
Aim: a water moccasin zombie (moderately damaged, about 33% to evade your +1 heavy falchion)
You closely miss the water moccasin zombie.
You bite the water moccasin zombie.
The water moccasin zombie is moderately damaged.
The water moccasin zombie bites you.
* * * LOW HITPOINT WARNING * * *
The water moccasin zombie closely misses you.
Hit: f) +1 falchion (heavy)
Press: ? - help, Dir - move target, f/p - water moccasin zombie
Aim: a water moccasin zombie (moderately damaged, about 33% to evade your +1 heavy falchion)
You barely miss the water moccasin zombie.
The water moccasin zombie is moderately damaged.
The water moccasin zombie bites you.
* * * LOW HITPOINT WARNING * * *
The water moccasin zombie bites you!
* * * LOW HITPOINT WARNING * * *
Hit: f) +1 falchion (heavy)
Press: ? - help, Dir - move target, f/p - water moccasin zombie
Aim: a water moccasin zombie (moderately damaged, about 33% to evade your +1 heavy falchion)
You barely miss the water moccasin zombie.
The water moccasin zombie is moderately damaged.
The water moccasin zombie barely misses you.
The water moccasin zombie closely misses you.
Hit: f) +1 falchion (heavy)
Press: ? - help, Dir - move target, f/p - water moccasin zombie
Aim: a water moccasin zombie (moderately damaged, about 33% to evade your +1 heavy falchion)
You hit the water moccasin zombie.
The water moccasin zombie is heavily damaged.
The water moccasin zombie bites you.
* * * LOW HITPOINT WARNING * * *
The water moccasin zombie bites you.
You die...
Fedhas appreciates your contribution to the ecosystem.

#.# #.#.# ###.#.# #.# #.#.#
#.....# #.###.#.# ##.....#
#.##....## #...8..#
#.......)## #......#
####......# #......# # #
#####.##..# #...# #. #.#
....[.##.># ##Z## #.# ##.##
########..######@# #.# ..
.. # #..........# #.# .# #.
# #.#.###.##.# ##.## ##.#
#. # #.#.#
#.##.####...###..###. #
#.#.###.##.............(...
#
#.#.....##.##.#...#<#.###.†
#
#.####..............##...#.
#
#.##.##.#....##'##..###.##.
#
#.#...#.#...##...##.###.##.


You could see a water moccasin zombie.

Vanquished Creatures
  An ogre (D:4)
  A phantom (D:4)
  A scorpion (D:4)
  3 hounds
  4 orc wizards
  2 hound zombies (D:4)
  An ufetubus (D:4)
  2 adder zombies (D:4)
  A dart slug (D:4)
  16 orcs
  A ball python (D:4)
  2 endoplasms (D:4)
  A giant cockroach (D:4)
  2 goblins (D:4)
  A hobgoblin (D:4)
  2 kobolds (D:4)
  A quokka (D:5)
  A jackal skeleton (D:4)
43 creatures vanquished.

Vanquished Creatures (others)
  An orc wizard (D:4)
1 creature vanquished.

Grand Total: 44 creatures vanquished

Notes
Turn   | Place    | Note
-------+----------+-------------------------------------------
     0 | D:5      | Reached skill level 9 in Stealth
     0 | D:5      | Danienth the Gnoll Delver began the quest for the Orb.
     0 | D:5      | Reached XP level 1. HP: 23/23 MP: 1/1
    52 | D:5      | Found a blossoming altar of Fedhas.
    64 | D:5      | Noticed an iguana
    69 | D:5      | Became a worshipper of Fedhas Madash
    91 | D:6      | Noticed a scorpion
   254 | D:5      | Noticed a hound
   257 | D:5      | Killed a hound
   258 | D:5      | Reached XP level 2. HP: 25/29 MP: 1/3
   258 | D:5      | Reached XP level 3. HP: 30/35 MP: 1/4
   354 | D:5      | Reached skill level 1 in Short Blades
   354 | D:5      | Reached skill level 1 in Long Blades
   354 | D:5      | Reached skill level 1 in Axes
   354 | D:5      | Reached skill level 1 in Maces & Flails
   354 | D:5      | Reached skill level 1 in Staves
   354 | D:5      | Reached skill level 1 in Ranged Weapons
   354 | D:5      | Reached skill level 1 in Throwing
   354 | D:5      | Reached skill level 1 in Armour
   354 | D:5      | Reached skill level 1 in Shields
   354 | D:5      | Reached skill level 1 in Unarmed Combat
   354 | D:5      | Reached skill level 1 in Spellcasting
   354 | D:5      | Reached skill level 1 in Invocations
   354 | D:5      | Reached skill level 1 in Evocations
   354 | D:5      | Reached XP level 4. HP: 41/41 MP: 5/5
   360 | D:5      | Reached skill level 1 in Shapeshifting
   444 | D:5      | Noticed a scorpion
   451 | D:4      | Identified the ring of the Moon {rN+ Str+3 Dex+6}
   522 | D:4      | Noticed a phantom
   549 | D:4      | Killed a phantom
   550 | D:4      | Reached skill level 1 in Conjurations
   550 | D:4      | Reached skill level 1 in Hexes
   550 | D:4      | Reached skill level 1 in Summonings
   550 | D:4      | Reached skill level 1 in Necromancy
   550 | D:4      | Reached skill level 1 in Translocations
   550 | D:4      | Reached skill level 1 in Transmutations
   550 | D:4      | Reached skill level 1 in Fire Magic
   550 | D:4      | Reached skill level 1 in Ice Magic
   550 | D:4      | Reached skill level 1 in Air Magic
   550 | D:4      | Reached skill level 1 in Earth Magic
   550 | D:4      | Reached skill level 1 in Poison Magic
   550 | D:4      | Reached XP level 5. HP: 35/47 MP: 5/7
   644 | D:4      | Found a shimmering altar of Xom.
   704 | D:4      | Found a glowing golden altar of the Shining One.
  1019 | D:4      | Reached * piety under Fedhas
  1076 | D:4      | Reached XP level 6. HP: 9/53 MP: 8/8
  1318 | D:4      | Reached skill level 5 in Polearms
  1318 | D:4      | Reached skill level 5 in Dodging
  1600 | D:4      | Reached XP level 7. HP: 39/60 MP: 10/10
  1720 | D:4      | Slain by a water moccasin zombie

Illustrated notes

Levels and vault maps discovered:
D:4:      layout_loops_ring, mainiacjoe_overflow_catch_the_wave, serial_undead,
          serial_undead_f, serial_undead_b, serial_undead_d, serial_undead_e,
          minmay_box_of_dots, uniq_blork_the_orc
D:5:      layout_loops_ring, lemuel_crystal_altar,
          nicolae_hepliaklqana_monster_ancestors
D:6:      layout_gridville, kennysheep_little_box

Skill      XL: |  1  2  3  4  5  6 |
---------------+-------------------+-----
Stealth        | |  9.9
Short Blades   | 1 2 |  2.3
Long Blades    | 1 2 |  2.3
Axes           | 1 2 |  2.3
Maces & Flails | 1 2 |  2.3
Staves         | 1 2 |  2.3
Ranged Weapons | 1 2 |  2.3
Throwing       | 1 2 |  2.3
Armour         | 1 2 |  2.3
Shields        | 1 2 |  2.3
Unarmed Combat | 1 2 |  2.3
Spellcasting   | 1 2 |  2.3
Invocations    | 1 2 |  2.6
Evocations     | 1 2 |  2.3
Shapeshifting  | 1 2 |  2.1
Conjurations   | 1 |  1.9
Hexes          | 1 |  1.9
Summonings     | 1 |  1.9
Necromancy     | 1 |  1.9
Translocations | 1 |  1.9
Transmutations | 1 |  1.9
Fire Magic     | 1 |  1.9
Ice Magic      | 1 |  1.9
Air Magic      | 1 |  1.9
Earth Magic    | 1 |  1.9
Poison Magic   | 1 |  1.9
Polearms       | 5 |  5.2
Dodging        | 5 |  5.2
Fighting       | 7 |  7.0

Action                     |  1- 3 |  4- 6 |  7- 9 || total
---------------------------+-------+-------+-------++-------
  Melee: Spear             |    14 |   110 |       ||   124
         Bite              |     2 |    14 |     2 ||    18
         Falchion          |       |    52 |    20 ||    72
         Punch             |       |     2 |       ||     2
  Throw: Dart              |     4 |     2 |       ||     6
  Evoke: Wand              |     1 |     1 |       ||     2
    Use: Scroll            |     3 |     2 |     1 ||     6
         Potion            |       |     4 |       ||     4
   Stab: Sleeping          |     3 |     6 |     1 ||    10
         Distracted        |       |     1 |       ||     1
 Armour: Leather armour    |     4 |    90 |    25 ||   119
  Dodge: Dodged            |     5 |    99 |    34 ||   138

Table legend: (Time is in decaauts)
 A = Elapsed time spent in this place.
 B = Non-inter-level travel time spent in this place.
 C = Inter-level travel time spent in this place.
 D = Time resting spent in this place.
 E = Time spent auto-exploring this place.
 F = Levels seen in this place.
 G = Mean time per level.
                   A        B        C        D        E       F      G
               +--------+--------+--------+--------+--------+-----+--------+
         Total |   1746 |   1718 |     28 |    174 |   1094 |   3 |  582.0 |
       Dungeon |   1746 |   1718 |     28 |    174 |   1094 |   3 |  582.0 |
               +--------+--------+--------+--------+--------+-----+--------+

Top non-repeatable levels by time:
     D:4: 1299 daAuts
     D:5: 423 daAuts
     D:6: 22 daAuts
